 Dungeon Crawl Stone Soup version 0.29.1-15-g9cfb28693d (webtiles) character file.

Game seed: 14662567170495377243

466 Peloso the Slasher (level 6, -3/47 (53) HPs)
             Began as a Minotaur Fighter on Apr 6, 2023.
             Slain by a wight
             ... wielding a +4 battleaxe
              (10 damage)
             ... on level 5 of the Dungeon.
             The game lasted 00:06:03 (3645 turns).

Peloso the Slasher (Minotaur Fighter)               Turns: 3645, Time: 00:06:03

HP:   -3/47 (53)    AC: 11    Str: 20    XL:     6   Next: 81%
MP:   5/5           EV:  7    Int:  5    God:
Gold: 204           SH:  5    Dex: 12    Spells: 5/5 levels left

rFire   . . .      SeeInvis .   a - +0 long sword
rCold   . . .      Faith    .   d - +0 buckler
rNeg    . . .      Spirit   .   c - +0 chain mail
rPois   .          Reflect  .   (helmet restricted)
rElec   .          Harm     .   (no cloak)
rCorr   .          Rampage  .   (no gloves)
Will    .....                   t - +0 pair of boots
Stlth   ..........              (no amulet)
HPRegen 0.15/turn               (no ring)
MPRegen 0.09/turn               (no ring)

@: heavily drained
A: horns 2, retaliatory headbutt
a: no special abilities


You were on level 5 of the Dungeon.
You visited 1 branch of the dungeon, and saw 5 of its levels.

You collected 204 gold pieces.

Inventory:

Hand Weapons
 a - a +0 long sword (weapon)
Armour
 b - a +0 scale mail
 c - a +0 chain mail (worn)
 d - a +0 buckler (worn)
 t - a +0 pair of boots (worn)
Scrolls
 e - 5 scrolls of magic mapping
 h - 3 scrolls of fear
 m - a scroll of amnesia
 o - 3 scrolls of teleportation {unknown}
 q - a scroll of torment {unknown}
 r - a scroll of enchant weapon {unknown}
 s - a scroll of silence {unknown}
Potions
 f - 2 potions of curing
 g - 3 potions of might
 i - a potion of heal wounds
 j - a potion of magic
 k - 2 potions of flight
 n - a potion of haste


   Skills:
 + Level 4.7 Fighting
 + Level 6.0 Long Blades
 + Level 5.8 Armour
 + Level 1.4 Dodging
 + Level 0.6 Stealth
 + Level 4.4 Shields


You had 5 spell levels left.
You didn't know any spells.
Your spell library contained the following spells:

 Spells                   Type           Power      Damage    Failure   Level
 Apportation              Tloc           0%         N/A       99%         1
 Freeze                   Ice            0%         1d3       99%         1
 Conjure Flame            Conj/Fire      0%         6-21      100%        3
 Frozen Ramparts          Ice            0%         1d1       100%        3
 Ignite Poison            Fire/Tmut/Pois 0%         N/A       100%        3
 Inner Flame              Hex/Fire       0%         N/A       100%        3
 Cause Fear               Hex            0%         N/A       100%        4
 Hailstorm                Conj/Ice       0%         3d3       100%        4
 Sticky Flame             Conj/Fire      0%         2d3       100%        4
 Alistair's Intoxication  Tmut/Pois      0%         N/A       100%        5
 Malign Gateway           Summ/Tloc      0%         N/A       100%        7
 Discord                  Hex            0%         N/A       100%        8
 Summon Horrible Things   Summ           0%         N/A       100%        8


Dungeon Overview and Level Annotations

Branches:
Dungeon (5/15)
 Temple: D:4-7

Altars:
Ashenzari
Elyvilon
Gozag
Makhleb


Innate Abilities, Weirdness & Mutations

You have a pair of horns on your head.
You reflexively headbutt those who attack you in melee.


Message History

The black bear is almost dead.
The black bear bites you! You block the black bear's attack.
The black bear barely misses you. The black bear bites you.
The black bear claws you but does no damage. x2
You slash the black bear! You headbutt the black bear.
You kill the black bear!
Your Long Blades skill increases to level 6!
You see here a black bear corpse.
You see here a black bear corpse.
You start resting.
HP restored.
There is a stone staircase leading down, spattered with blood here.
You climb downwards.
The wight hits you but does no damage.
The wight hits you with a +0 short sword.
The wight hits you with a +4 battleaxe!
You feel drained. The wight hits you but does no damage.
You block the wight's attack. The wight hits you with a +4 battleaxe!
There is a stone staircase leading up here.
You can't see any enemies this would affect, really read the scroll of fear?
Okay, then.
The wight attacks as you move away! The wight hits you with a +4 war axe.
You feel drained. The wight attacks as you move away!
The wight barely misses you.
You see here a smoky grey potion.
The wight attacks as you move away! The wight hits you but does no damage.
A wight and an adder come into view.
The wight is wielding a +1 halberd of freezing.
The adder hisses angrily.
A wight comes into view. It is wielding a +2 mace of protection.
The wight attacks as you move away! The wight closely misses you.
The wight attacks as you move away! The wight hits you with a +4 war axe.
You feel drained. The wight closely misses you.
The wight attacks as you move away! The wight barely misses you.
The adder bites you. The wight hits you with a +4 war axe!
* * * LOW HITPOINT WARNING * * *
You feel drained.
* * * LOW HITPOINT WARNING * * *
The wight attacks as you move away! The wight hits you but does no damage.
The wight hits you with a +4 battleaxe!
You die...

..... ..... ......
....
#.....######..#
.......#..#..#
#..z.z.....#
#........## .##
###.:...z..##.$.#
##.......S........
#!......zz@.......
##.....!..........
#......<.........
###.........?....
#..............
#...............
#.......#...#....
###....###..##...
##.... .##


You could see 5 wights and an adder.

Vanquished Creatures
  A black bear (D:4)
  A phantom (D:5)
  A scorpion (D:4)
  A hound (D:3)
  An orc wizard (D:3)
  4 adders
  7 gnolls
  A worm (D:3)
  4 dart slugs
  3 orcs (D:3)
  5 ball pythons
  8 bats
  An endoplasm (D:3)
  2 giant cockroaches
  9 hobgoblins
  4 kobolds
  3 quokkas (D:1)
  5 frilled lizards
  7 goblins
  7 rats
75 creatures vanquished.

Notes
Turn   | Place    | Note
-------+----------+-------------------------------------------
     0 | D:1      | Peloso the Minotaur Fighter began the quest for the Orb.
     0 | D:1      | Reached XP level 1. HP: 19/19 MP: 0/0
   302 | D:1      | Reached XP level 2. HP: 25/27 MP: 1/1
   456 | D:1      | You fall into a shaft and drop 1 floor!
   490 | D:2      | Reached XP level 3. HP: 30/33 MP: 2/2
   584 | D:2      | Reached skill level 3 in Long Blades
   703 | D:2      | HP: 1/33 [gnoll/+0 spear (5)]
  1219 | D:1      | Reached XP level 4. HP: 40/40 MP: 3/3
  1424 | D:1      | Found a faded altar of an unknown god.
  1836 | D:3      | Found a white marble altar of Elyvilon.
  1970 | D:3      | Reached skill level 4 in Long Blades
  2138 | D:3      | Found a large runed translucent door.
  2138 | D:3      | Found a large runed translucent door.
  2173 | D:3      | Reached XP level 5. HP: 47/47 MP: 4/4
  2278 | D:3      | Reached skill level 5 in Armour
  2542 | D:3      | Found a burning altar of Makhleb.
  2683 | D:3      | Found a broken altar of Ashenzari.
  2700 | D:3      | Found an opulent altar of Gozag.
  2972 | D:4      | Reached skill level 5 in Long Blades
  2972 | D:4      | Reached skill level 1 in Dodging
  2972 | D:4      | Reached XP level 6. HP: 38/53 MP: 5/5
  3496 | D:5      | Entered Level 5 of the Dungeon
  3513 | D:4      | Reached skill level 6 in Long Blades
  3645 | D:5      | Slain by a wight

Illustrated notes

Levels and vault maps discovered:
D:1:      dpeg_arrival_subterranean_lakeside_camping, layout_basic,
          ebering_ecumenical_altar_mist
D:2:      layout_rooms
D:3:      layout_loops_ring, jmf_multi_god_temple2, elyvilon_altar_3,
          mainiacjoe_overflow_alcove_4
D:4:      layout_rooms, grunt_tough_drop
D:5:      layout_cave_pools, minmay_temple_entry_crystal_x, serial_park,
          serial_park_square1 [serial_park_minivault_5x5_1], serial_park_square1
          [serial_park_minivault_5x5_1], serial_park_square3
          [serial_park_minivault_5x5_5], uniq_grinder

Skill      XL: |  1  2  3  4  5  6 |
---------------+-------------------+-----
Armour         | 4 5 |  5.8
Shields        | 4 |  4.4
Long Blades    | 3 4 5 6 |  6.0
Fighting       | 4 |  4.7
Dodging        | 1 |  1.4
Stealth        | |  0.6

Action                   |  1- 3 |  4- 6 || total
-------------------------+-------+-------++-------
Melee: Long sword        |    70 |   153 ||   223
       Headbutt          |     3 |    17 ||    20
  Use: Scroll            |     5 |     3 ||     8
       Potion            |       |     1 ||     1
Armor: Scale mail        |    16 |       ||    16
       Chain mail        |     7 |   103 ||   110
Dodge: Dodged            |    20 |    59 ||    79
Block: Buckler           |    20 |    36 ||    56
